AoeStats
← Garoh

Arabia

508424493Analyzed
1v1 RM · 10d ago on Sep 22, 2026· 36m 35s· 2 players
Game mode
Random Map
Map size
Tiny (2 player)
Population
200
Speed
Normal
Resources
Standard
Victory
Conquest
Starting age
Dark Age
Ending age
Imperial Age
RankedLock teamsTeams togetherTeam positionsShared explorationLock speedFull tech treeHidden civsTurbo modeCheats
Victory
Defeat
🇫🇷 Teutons · France
1301
+14
🇩🇪 Armenians · Germany
1263
-14
KKUSH-PANIER
8:54 Loom
11:53 Feudal Age
12:24 Double-Bit Axe
17:46 Castle Age
16:43 Gold Mining
17:01 Horse Collar
19:07 Bow Saw
20:20 Heavy Plow
20:45 Fletching
21:30 Crossbowman
27:37 Bodkin Arrow
28:41 Wheelbarrow
27:51 Town Watch
28:34 Bloodlines
31:22 Hand Cart
31:32 Scale Barding Armor
32:38 Stone Mining
36:19 Imperial Age
35:24 Forging
Garoh
4:57 Loom
14:26 Feudal Age
15:14 Horse Collar
15:21 Double-Bit Axe
19:43 Castle Age
18:24 Gold Mining
18:51 Scale Mail Armor
19:01 Forging
20:59 Bow Saw
25:36 Squires
25:43 Arson
26:15 Chain Mail Armor
26:35 Iron Casting
28:33 Gold Shaft Mining
33:00 Sanctity
34:35 Fervor
36:17 Stone Mining
Connection lost

Rejoining the realm…

Still unreachable

The connection could not be restored.

Session expired

The server has moved on; the page needs a fresh start.